Map: Ruins of Seras

Players

MCanning - Winner!

  • Race: Protoss Protoss
  • League: Grandmaster

TheHeatBeech

  • Race: Terran Terran
  • League: Master

VOD

Have the link to the VOD?

Description

Time

  • Played on: Feb. 15, 2016, 2:41 a.m.
  • Length: 15:13
Show
View Real Time Build Order
Export as new Build Order

MCanning Protoss - Winner!

Build Orders: 1 Gate Expand, Blink Stalkers 

Get SALT Encoding   

  12  0:00  Probe (Chrono Boost)  
  13  0:11  Probe (Chrono Boost)  
  14  0:21  Pylon  
  14  0:22  Probe (Chrono Boost)  
  15  0:39  Probe (Chrono Boost)  
  15  0:40  Gateway  
  16  0:50  Assimilator, Probe (Chrono Boost)  
  17  1:00  Probe (Chrono Boost)  
  18  1:11  Probe (Chrono Boost)  
  19  1:21  Nexus  
  19  1:31  Cybernetics Core  
  19  1:35  Probe (Chrono Boost)  
  20  1:42  Assimilator  
  20  1:46  Probe (Chrono Boost)  
  21  1:53  Pylon  
  21  1:56  Probe (Chrono Boost)  
  22  2:11  Mothership Core (Chrono Boost), Adept  
  26  2:21  Warp Gate  
  26  2:30  Pylon, Probe (Chrono Boost)  
  26  2:36  Probe (Chrono Boost)  
  27  2:40  Probe (Chrono Boost)  
  28  2:48  Probe (Chrono Boost)  
  28  2:51  Probe (Chrono Boost)  
  30  2:57  Twilight Council  
  30  2:58  Sentry  
  32  2:59  Probe (Chrono Boost)  
  32  3:01  Probe (Chrono Boost)  
  34  3:10  Probe (Chrono Boost)  
  34  3:12  Probe (Chrono Boost)  
  36  3:20  Probe (Chrono Boost)  
  36  3:22  Probe (Chrono Boost)  
  38  3:30  Probe (Chrono Boost), Gateway  
  38  3:32  Gateway  
  38  3:33  Probe (Chrono Boost)  
  40  3:36  Blink (Chrono Boost)  
  40  3:42  Probe  
  40  3:44  Probe  
  42  3:49  Pylon  
  42  3:53  Probe  
  43  3:56  Probe  
  44  4:03  Probe  
  44  4:06  Robotics Facility  
  44  4:08  Probe  
  46  4:14  Probe  
  46  4:15  Assimilator  
  47  4:19  Assimilator  
  47  4:20  Probe  
  47  4:24  Pylon, Probe  
  48  4:30  Pylon  
  49  4:33  Probe  
  49  4:34  Stalker x2  
  49  4:35  Pylon  
  49  4:37  Stalker  
  56  4:40  Probe  
  56  4:45  Probe  
  58  4:57  Gateway  
  58  5:00  Gateway  
  58  5:01  Pylon  
  58  5:07  Zealot  
  58  5:08  Zealot x2  
  64  5:14  Probe  
  64  5:15  Observer (Chrono Boost)  
  64  5:18  Probe  
  64  5:20  Resonating Glaives  
  67  5:27  Nexus  
  67  5:28  Pylon  
  67  5:34  Observer (Chrono Boost)  
  68  5:38  Robotics Bay  
  68  5:47  Gateway  
  68  5:48  Probe, Gateway  
  69  5:51  Probe  
  69  5:52  Observer (Chrono Boost)  
  71  5:59  Sentry  
  71  6:00  Sentry x2, Probe  
  71  6:03  Probe  
  79  6:12  Probe  
  79  6:15  Forge, Probe  
  79  6:17  Forge  
  81  6:18  Zealot  
  81  6:24  Probe  
  84  6:27  Disruptor (Chrono Boost), Probe  
  88  6:34  Stalker x2  
  88  6:36  Probe  
  88  6:39  Probe  
  94  6:40  Probe  
  95  6:47  Pylon  
  95  6:49  Protoss Ground Weapons Level 1 (Chrono Boost), Probe  
  95  6:50  Protoss Ground Armor Level 1 (Chrono Boost), Probe  
  95  6:51  Probe  
  98  6:55  Disruptor (Chrono Boost)  
  98  6:59  Stalker x2  
  98  7:01  Probe  
  106  7:02  Probe  
  106  7:04  Probe  
  106  7:08  Adept  
  106  7:09  Adept  
  106  7:10  Adept  
  106  7:11  Adept  
  114  7:16  Adept  
  114  7:18  Assimilator  
  116  7:24  Disruptor  
  116  7:29  Assimilator, Stalker x2  
  123  7:34  Pylon  
  123  7:36  Photon Cannon  
  123  7:37  Pylon, Photon Cannon  
  123  7:41  Probe  
  124  7:50  Pylon  
  124  7:51  Pylon  
  122  7:54  Stalker x3  
  122  7:55  Stalker  
  122  7:56  Disruptor  
  130  8:02  Probe  
  134  8:22  Nexus, Adept x5  
  134  8:24  Pylon  
  144  8:27  Disruptor  
  147  8:36  Protoss Ground Weapons Level 2 (Chrono Boost), Protoss Ground Armor Level 2 (Chrono Boost)  
  147  8:42  Stalker x3  
  147  8:46  Probe  
  154  8:51  Probe  
  155  8:59  Adept  
  155  9:00  Adept x3  
  162  9:03  Probe  
  162  9:05  Probe  
  162  9:06  Warp Prism  
  162  9:08  Stargate  
  162  9:09  Stargate  
  163  9:26  Adept  
  163  9:34  Stalker  
  163  9:35  Stalker x2  
  167  9:40  Adept, Probe  
  167  9:41  Adept x2  
  170  9:48  Pylon  
  170  9:50  Charge (Chrono Boost)  
  170  9:52  Pylon  
  168  9:58  Probe  
  168  9:59  Fleet Beacon  
  169  10:01  Probe  
  170  10:10  Stalker x2  
  170  10:11  Stalker x4  
  182  10:16  Assimilator  
  182  10:25  Assimilator  
  182  10:30  Probe  
  182  10:35  Pylon  
  183  10:41  Pylon  
  183  10:42  Pylon  
  183  10:43  Pylon  
  183  10:45  Pylon  
  183  10:46  Pylon, Tempest x2 (Chrono Boost)  
  184  11:13  Probe  
  175  11:24  Tempest (Chrono Boost)  
  175  11:25  Tempest (Chrono Boost)  
  181  11:31  Photon Cannon  
  181  11:34  Pylon  
  181  11:36  Protoss Ground Weapons Level 3, Protoss Ground Armor Level 3  
  181  11:37  Zealot x3  
  181  11:38  Zealot x4  
  177  12:02  Tempest x2 (Chrono Boost)  
  180  12:11  Stargate, Protoss Air Weapons Level 1, Probe  
  180  12:13  Pylon  
  177  12:23  Probe  
  178  12:34  Probe  
  178  12:36  Nexus, Templar Archives  
  179  12:38  Pylon  
  179  12:39  Tempest (Chrono Boost), Oracle (Chrono Boost)  
  179  12:40  Pylon  
  179  12:42  Pylon  
  184  12:50  Probe  
  188  13:17  Photon Cannon, Oracle (Chrono Boost)  
  188  13:21  Zealot x2  
  188  13:22  Zealot x4, Photon Cannon  
  200  13:30  Zealot  
  190  13:44  Photon Cannon  
  190  13:45  Photon Cannon  
  190  13:46  Photon Cannon  
  190  13:47  Assimilator  
  190  13:48  Assimilator  
  190  13:49  Photon Cannon  
  190  13:54  Tempest (Chrono Boost)  
  194  14:00  Tempest (Chrono Boost)  
  181  14:38  Oracle (Chrono Boost)  
  170  14:41  Zealot x2  
  170  14:42  Zealot x5  
  168  14:56  Gateway  
  168  14:57  Gateway x2  
  168  15:03  Gateway  
Show
View Real Time Build Order
Export as new Build Order

TheHeatBeech Terran 

Build Orders: Reaper Expand, MMM Bio 

Get SALT Encoding   

  12  0:00  SCV  
  13  0:13  SCV  
  14  0:18  Supply Depot  
  14  0:25  SCV  
  15  0:40  SCV  
  15  0:41  Barracks  
  16  0:45  Refinery  
  16  0:52  SCV  
  17  1:04  SCV  
  18  1:16  SCV  
  19  1:28  Orbital Command  
  19  1:29  Reaper  
  20  1:45  Command Center  
  20  1:54  SCV  
  20  2:00  Supply Depot  
  21  2:06  SCV  
  22  2:10  Barracks Reactor  
  22  2:18  SCV  
  23  2:28  Factory  
  23  2:30  SCV  
  24  2:43  SCV  
  25  2:48  Barracks  
  24  2:55  Marine x2, SCV  
  27  2:59  Supply Depot  
  27  3:00  Orbital Command  
  27  3:01  Refinery  
  27  3:07  SCV  
  27  3:12  Factory Tech Lab  
  28  3:16  Engineering Bay  
  28  3:18  Marine x2  
  28  3:19  SCV  
  31  3:28  Bunker  
  31  3:31  SCV x2  
  33  3:36  Marine  
  33  3:38  Cyclone  
  33  3:39  Marine  
  38  3:42  Marine  
  38  3:45  SCV x2  
  41  3:51  Missile Turret  
  41  3:57  SCV x2  
  43  4:03  Marine  
  43  4:04  Marine  
  43  4:09  SCV x2, Barracks Tech Lab  
  46  4:13  Factory  
  46  4:15  Starport  
  46  4:21  SCV x2  
  46  4:24  Supply Depot  
  48  4:26  Supply Depot  
  48  4:33  SCV x2  
  48  4:34  Supply Depot  
  48  4:35  Stimpack  
  48  4:37  Marauder  
  52  4:38  Marine  
  52  4:39  Marine  
  56  4:45  SCV x2  
  56  4:49  Missile Turret  
  56  4:56  Marine  
  56  4:57  Siege Tank  
  60  5:07  Marine, Marauder  
  60  5:11  Supply Depot  
  60  5:12  Supply Depot  
  63  5:15  Medivac  
  63  5:19  SCV x2  
  67  5:21  Refinery  
  67  5:22  Refinery  
  67  5:31  SCV, Barracks  
  69  5:35  Marauder  
  69  5:40  Supply Depot  
  69  5:52  Starport Reactor  
  69  5:57  Marauder  
  71  5:59  Marine  
  71  6:00  Marine  
  71  6:03  Command Center  
  73  6:05  Terran Infantry Weapons Level 1  
  73  6:08  SCV x2  
  75  6:14  Siege Tank  
  75  6:17  Marine  
  75  6:18  Marauder  
  81  6:20  SCV  
  82  6:26  SCV  
  82  6:27  Missile Turret  
  82  6:31  Marine  
  84  6:36  Combat Shields, Barracks Tech Lab  
  84  6:39  Marauder  
  85  6:41  Marine  
  85  6:43  Medivac x2  
  90  6:49  Marine  
  90  6:51  Siege Tank  
  94  6:56  Supply Depot  
  94  6:57  Supply Depot x2  
  94  6:58  Marine  
  94  7:01  Marauder  
  97  7:06  Marine  
  97  7:07  Concussive Shells  
  98  7:09  Marauder  
  98  7:11  Liberator  
  100  7:16  Liberator  
  100  7:17  Supply Depot x3  
  100  7:22  Marauder  
  102  7:23  Siege Tank  
  108  7:36  Orbital Command  
  111  7:40  Marauder  
  111  7:44  Marauder, SCV x2  
  116  7:52  Marine x2  
  116  7:56  SCV x2  
  120  7:59  Siege Tank  
  120  8:01  Marauder  
  120  8:05  Marauder  
  127  8:07  SCV  
  127  8:08  SCV x2  
  127  8:10  Marine x2  
  127  8:12  Liberator x2  
  132  8:14  Barracks  
  132  8:17  Barracks  
  132  8:19  SCV  
  132  8:23  Marauder  
  132  8:26  Bunker, Marauder  
  135  8:28  Bunker, Marine  
  135  8:33  SCV x2  
  144  8:35  Bunker  
  144  8:37  Missile Turret  
  144  8:44  Marauder  
  146  8:49  Siege Tank  
  146  8:53  Marauder  
  146  8:54  Terran Infantry Armor Level 1  
  151  8:57  Engineering Bay  
  141  9:05  Marine x2, Marauder  
  145  9:14  Marauder  
  146  9:23  Marine  
  147  9:26  Marine  
  147  9:27  Marauder  
  146  9:35  Marauder  
  145  9:41  Medivac x2  
  144  9:48  Marauder  
  144  9:49  SCV x3  
  144  9:50  Refinery  
  144  9:51  Refinery  
  147  9:53  Siege Tank  
  147  9:57  Marauder  
  150  10:01  SCV x2, Armory  
  150  10:02  SCV  
  150  10:05  Marine  
  150  10:06  Marine  
  155  10:07  Barracks Reactor, Barracks Tech Lab  
  155  10:10  Marauder  
  155  10:11  Medivac  
  159  10:18  Marauder  
  160  10:24  Medivac  
  160  10:28  Marine, Marauder  
  163  10:32  Marauder  
  165  10:44  Command Center  
  165  11:00  Marine  
  165  11:02  SCV x2  
  165  11:03  Marine  
  165  11:04  SCV  
  165  11:05  Marine x2, Marauder  
  165  11:07  Marauder  
  165  11:08  Marauder  
  165  11:09  Siege Tank  
  142  11:18  Terran Infantry Armor Level 2, Terran Infantry Weapons Level 2  
  142  11:22  Viking  
  144  11:27  Marauder  
  144  11:28  Marauder  
  144  11:29  Marauder  
  144  11:30  Liberator  
  150  11:35  Liberator  
  150  11:36  Marine x4  
  149  11:48  Marauder  
  149  11:49  Marine  
  149  11:51  Marauder  
  149  11:54  Marine x4  
  148  12:07  Marauder  
  147  12:10  Marauder, SCV x2  
  147  12:13  Liberator  
  149  12:20  Liberator  
  149  12:25  SCV x3  
  149  12:26  Marine, Marauder  
  149  12:27  Marine x3  
  149  12:29  Marauder  
  160  12:31  Marauder  
  160  12:33  Command Center  
  164  12:37  Supply Depot  
  164  12:39  Supply Depot x2, Barracks  
  159  12:44  Marine x4  
  159  12:47  Marauder  
  165  12:56  Supply Depot  
  165  12:58  Supply Depot  
  165  12:59  Supply Depot, Marine, Marauder, SCV x3  
  165  13:02  Marine x2  
  165  13:03  Supply Depot  
  167  13:09  Marine x2, Marauder  
  166  13:13  Viking  
  166  13:15  Missile Turret  
  166  13:17  Marauder  
  170  13:20  Marine x2, Viking  
  174  13:30  Marauder  
  167  13:38  Marauder x2  
  159  13:43  Viking  
  161  13:50  Viking  
  161  13:53  Marauder  
  158  14:00  Marauder  
  158  14:01  Marine  
  158  14:02  Marine x4  
  139  14:13  Viking  
  125  14:20  Viking  
  107  14:25  Marine x2, Marauder x2  
  92  14:31  Marauder  
  85  14:42  Marine x2  
  84  14:46  Marauder  
  84  14:51  Marine x3  
Tags
 
Add a new tag
Caveats
  • Supply blocks, unpowered buildings, or Contaminate may cause inaccurate times.
  • Supply counts are checked every 10 seconds.